Map: 2000 Atmospheres LE

Players

AGOElazer (Elazer)

  • Race: Zerg Zerg
  • League: Master

ShoWTimE - Winner!

  • Race: Protoss Protoss
  • League: Grandmaster

Event: DreamHack SC2 Masters Last Chance 2022

VOD

Have the link to the VOD?

Description

Time

  • Played on: Dec. 19, 2021, 9:42 p.m.
  • Length: 14:07

All games in this series

Show
View Real Time Build Order
Export as new Build Order

AGOElazer Zerg 

Build Orders: Hatch First 

Get SALT Encoding   

  12  0:00  Drone  
  13  0:12  Overlord  
  13  0:16  Drone  
  14  0:30  Drone x2  
  16  0:47  Hatchery  
  15  0:51  Drone  
  15  0:55  Drone  
  17  0:58  Drone  
  18  1:09  Extractor  
  17  1:13  Spawning Pool  
  17  1:16  Drone  
  17  1:23  Drone  
  18  1:31  Drone  
  20  1:40  Drone  
  20  1:49  Overlord  
  20  1:59  Queen x2  
  24  2:01  Zergling x2  
  24  2:05  Drone  
  26  2:11  Drone  
  26  2:12  Zergling x2  
  28  2:15  Metabolic Boost  
  28  2:21  Drone x2  
  30  2:31  Drone  
  30  2:32  Drone  
  32  2:37  Queen  
  32  2:43  Zergling x2  
  35  2:44  Overlord  
  35  2:53  Hatchery  
  34  2:59  Zergling x2  
  34  3:00  Zergling x2  
  34  3:03  Queen  
  38  3:07  Overlord  
  38  3:10  Drone  
  38  3:11  Drone  
  40  3:13  Drone  
  39  3:27  Drone x2  
  39  3:29  Drone x3  
  39  3:31  Drone  
  42  3:37  Spore Crawler  
  42  3:38  Drone  
  41  3:46  Drone x4  
  45  3:50  Drone  
  45  3:55  Queen  
  46  3:58  Overlord  
  46  3:59  Drone  
  49  4:05  Drone x2  
  51  4:10  Queen  
  51  4:14  Overlord  
  53  4:17  Drone x2, Spore Crawler  
  53  4:18  Drone  
  53  4:19  Drone  
  53  4:22  Spore Crawler  
  53  4:23  Drone  
  56  4:26  Drone x2  
  56  4:28  Drone  
  59  4:37  Spore Crawler  
  58  4:38  Drone x4  
  58  4:41  Drone x2  
  64  4:46  Drone x2  
  64  4:48  Drone  
  64  4:50  Drone x2  
  64  4:51  Drone x2  
  64  4:52  Drone  
  72  4:53  Drone  
  72  4:58  Overlord  
  73  5:04  Hatchery  
  73  5:06  Drone  
  73  5:09  Extractor  
  73  5:10  Drone x2, Extractor x2  
  73  5:13  Drone  
  73  5:17  Zergling x12  
  73  5:19  Overlord  
  73  5:21  Drone x2  
  80  5:29  Drone x2  
  80  5:35  Lair  
  82  5:39  Queen x2, Extractor  
  82  5:41  Drone x7  
  90  5:44  Extractor  
  90  5:46  Drone  
  90  5:52  Overlord  
  90  5:56  Drone, Evolution Chamber  
  90  6:00  Overlord  
  89  6:10  Drone x8  
  97  6:14  Overlord  
  97  6:18  Drone x6  
  103  6:19  Drone x4  
  103  6:25  Zerg Missile Weapons Level 1  
  107  6:26  Overlord  
  107  6:27  Overlord x2  
  105  6:40  Zergling x12  
  105  6:41  Roach Warren  
  105  6:42  Overseer  
  105  6:45  Spire  
  109  6:52  Baneling Nest  
  108  6:56  Zergling x20  
  108  6:59  Hatchery  
  108  7:00  Zergling x2  
  108  7:01  Zergling x8  
  122  7:08  Zergling x10  
  127  7:15  Extractor  
  126  7:21  Overlord x3  
  126  7:24  Roach x5  
  136  7:30  Drone  
  136  7:34  Overlord x2  
  135  7:37  Centrifugal Hooks  
  135  7:43  Roach x11  
  157  7:54  Zergling x10  
  157  7:55  Overlord x3  
  162  8:01  Ravager  
  162  8:02  Ravager x4  
  162  8:03  Baneling x10  
  167  8:09  Ravager x8  
  167  8:11  Zergling x12  
  170  8:20  Baneling x8  
  158  8:31  Roach x8  
  152  8:34  Zergling x2  
  152  8:35  Zergling x6  
  145  8:48  Zergling x22  
  155  8:50  Ravager  
  156  8:56  Baneling x10  
  156  8:57  Zergling x10  
  156  8:59  Queen x2  
  156  9:02  Zerg Melee Weapons Level 1  
  164  9:05  Zergling x12  
  164  9:07  Baneling x2  
  164  9:09  Baneling x2  
  170  9:10  Baneling x9  
  164  9:27  Zergling x38  
  169  9:34  Zergling x6  
  150  9:49  Roach x7  
  160  9:59  Zergling x2  
  162  10:00  Zergling x18  
  160  10:10  Ravager x7  
  160  10:11  Baneling x14  
  160  10:12  Baneling x5  
  167  10:15  Queen x2  
  167  10:17  Zergling x14  
  167  10:18  Baneling  
  167  10:19  Baneling x4  
  178  10:26  Zergling x10  
  164  10:30  Zergling x2  
  161  10:36  Zergling x8  
  145  10:43  Roach x3  
  145  10:49  Roach x2  
  159  10:50  Roach x5  
  146  10:59  Glial Reconstitution  
  146  11:03  Roach x7  
  151  11:11  Roach x3  
  151  11:13  Roach  
  151  11:14  Baneling  
  151  11:15  Baneling x8  
  156  11:19  Ravager x3  
  156  11:20  Hatchery, Zergling x4  
  160  11:29  Zergling x12  
  160  11:31  Ravager x3  
  168  11:33  Zergling x4  
  170  11:41  Zergling x12  
  170  11:42  Zergling x2  
  170  11:43  Hatchery  
  170  11:44  Baneling x2  
  170  11:45  Zerg Missile Weapons Level 2  
  175  11:53  Zergling x12  
  177  11:55  Baneling x16  
  177  12:05  Zergling x4  
  177  12:06  Zergling x14  
  177  12:08  Baneling x5  
  183  12:19  Zergling x2  
  183  12:20  Zergling x12  
  178  12:26  Drone x3  
  173  12:36  Roach x7  
  184  12:40  Baneling x9  
  184  12:42  Zergling x2  
  184  12:43  Ravager x2  
  184  12:44  Ravager x2  
  189  12:54  Zergling x14  
  190  13:06  Zergling x18  
  183  13:28  Zergling x20  
  183  13:29  Zergling x12  
  183  13:32  Infestation Pit  
  196  13:38  Baneling x11  
  196  13:39  Zergling x10  
  194  13:41  Hydralisk Den  
Show
View Real Time Build Order
Export as new Build Order

ShoWTimE Protoss - Winner!

Build Orders: 1 Gate Expand, Oracle Opening, Zealot Archon 

Get SALT Encoding   

  12  0:00  Probe  
  13  0:12  Probe  
  14  0:19  Pylon  
  14  0:24  Probe  
  15  0:37  Probe (Chrono Boost)  
  15  0:39  Gateway  
  16  0:46  Probe (Chrono Boost)  
  16  0:48  Assimilator  
  17  0:51  Probe  
  18  1:03  Probe  
  19  1:15  Probe  
  20  1:25  Nexus  
  20  1:35  Cybernetics Core  
  20  1:37  Probe  
  21  1:42  Assimilator  
  21  1:49  Probe  
  21  1:53  Pylon  
  22  2:01  Probe  
  22  2:08  Adept (Chrono Boost)  
  23  2:13  Probe  
  26  2:22  Stargate  
  26  2:26  Probe (Chrono Boost)  
  26  2:28  Adept (Chrono Boost)  
  27  2:34  Warp Gate  
  27  2:37  Probe (Chrono Boost)  
  30  2:43  Probe (Chrono Boost)  
  31  2:46  Probe (Chrono Boost)  
  31  2:50  Adept, Probe (Chrono Boost)  
  33  2:51  Probe (Chrono Boost)  
  36  2:59  Shield Battery  
  36  3:02  Probe  
  36  3:03  Oracle (Chrono Boost), Probe  
  41  3:14  Probe  
  41  3:15  Probe  
  41  3:16  Pylon  
  43  3:25  Adept  
  43  3:26  Probe  
  46  3:32  Probe  
  45  3:38  Oracle (Chrono Boost), Probe  
  45  3:40  Gateway  
  44  3:45  Probe  
  48  3:50  Probe, Pylon  
  49  3:57  Probe  
  49  4:00  Nexus  
  50  4:03  Probe  
  50  4:08  Oracle (Chrono Boost)  
  50  4:09  Probe, Pylon  
  52  4:16  Assimilator  
  55  4:18  Assimilator  
  55  4:19  Probe  
  55  4:22  Probe  
  55  4:23  Adept  
  59  4:31  Probe  
  59  4:32  Robotics Facility  
  59  4:34  Probe  
  61  4:43  Probe  
  62  4:46  Probe  
  62  4:47  Forge  
  62  4:49  Gateway  
  63  4:55  Probe  
  63  4:58  Gateway, Probe  
  65  5:02  Sentry x2  
  69  5:08  Probe  
  69  5:11  Probe  
  71  5:15  Probe  
  71  5:17  Immortal (Chrono Boost)  
  71  5:20  Probe  
  77  5:23  Probe  
  77  5:25  Adept x2  
  77  5:27  Probe  
  82  5:32  Probe  
  82  5:34  Photon Cannon  
  83  5:35  Probe  
  83  5:36  Robotics Bay  
  83  5:37  Shield Battery  
  83  5:39  Probe  
  85  5:46  Protoss Ground Weapons Level 1 (Chrono Boost)  
  85  5:47  Pylon  
  85  5:49  Pylon  
  85  5:55  Phoenix  
  85  5:56  Twilight Council, Assimilator  
  85  6:00  Assimilator  
  85  6:05  Probe x3, Pylon  
  85  6:06  Observer (Chrono Boost)  
  85  6:07  Stalker x2  
  93  6:14  Gateway  
  93  6:16  Pylon  
  93  6:17  Probe x3  
  96  6:18  Gateway  
  96  6:24  Gateway  
  96  6:29  Probe x3  
  99  6:33  Charge (Chrono Boost)  
  99  6:40  Disruptor (Chrono Boost)  
  99  6:41  Probe, Templar Archives  
  99  6:44  Gateway  
  99  6:45  Zealot x3  
  109  7:02  Pylon  
  109  7:05  Warp Prism (Chrono Boost), Zealot x3  
  109  7:07  Pylon  
  117  7:12  Probe  
  117  7:23  Pylon  
  117  7:24  Pylon  
  117  7:26  Nexus  
  117  7:28  Zealot x3, Pylon  
  117  7:29  High Templar  
  125  7:31  Photon Cannon  
  125  7:41  High Templar x2  
  125  7:42  Observer (Chrono Boost), High Templar  
  125  7:43  High Templar  
  134  7:44  Probe  
  134  7:47  Archon x2  
  134  7:49  Zealot x2, High Templar  
  141  7:54  Photon Cannon  
  141  7:55  Pylon  
  141  7:56  Photon Cannon, Archon  
  141  7:58  Photon Cannon  
  141  8:01  Protoss Ground Weapons Level 2 (Chrono Boost)  
  141  8:03  Probe x3  
  144  8:08  Assimilator  
  144  8:09  Assimilator  
  144  8:14  Zealot x5  
  144  8:15  Probe  
  155  8:23  Zealot  
  155  8:26  Disruptor (Chrono Boost)  
  156  8:30  Stalker  
  132  8:34  Zealot x5  
  132  8:49  High Templar x2  
  132  8:51  Pylon  
  134  8:58  Photon Cannon, Probe x3  
  134  8:59  Disruptor (Chrono Boost)  
  140  9:06  Probe  
  141  9:10  Probe  
  141  9:11  Archon  
  141  9:12  Pylon  
  141  9:13  High Templar x3  
  141  9:16  High Templar  
  150  9:17  Zealot  
  150  9:18  Probe  
  150  9:20  Archon  
  150  9:21  Archon  
  141  9:37  Stalker x2  
  125  9:38  Zealot x2  
  125  9:45  Pylon  
  114  9:48  Zealot x4  
  122  9:57  Disruptor  
  122  9:59  Zealot x2  
  128  10:05  Zealot x2  
  128  10:06  Probe x2  
  134  10:07  Probe  
  134  10:11  Blink (Chrono Boost)  
  134  10:12  Photon Cannon  
  135  10:14  Photon Cannon  
  135  10:18  Pylon  
  129  10:29  High Templar x4  
  129  10:30  Zealot x4  
  129  10:31  Probe  
  129  10:33  Disruptor  
  129  10:35  Archon x2  
  125  10:49  Zealot  
  123  10:50  Zealot x2  
  123  10:51  Zealot  
  123  10:52  Probe x2 (Chrono Boost)  
  123  10:53  Probe (Chrono Boost)  
  123  10:56  Probe (Chrono Boost)  
  121  11:02  High Templar x2  
  121  11:03  Zealot x3  
  128  11:04  Probe x3 (Chrono Boost)  
  128  11:07  Gateway, Archon  
  128  11:08  Probe (Chrono Boost), Disruptor (Chrono Boost)  
  128  11:09  Gateway, Probe x2 (Chrono Boost)  
  128  11:11  Probe (Chrono Boost)  
  130  11:15  Photon Cannon  
  130  11:16  Zealot x3  
  130  11:17  Photon Cannon  
  130  11:18  Photon Cannon  
  129  11:21  Shield Battery  
  129  11:24  Stalker  
  131  11:28  High Templar  
  131  11:29  High Templar  
  131  11:30  Probe x2  
  137  11:34  Warp Prism (Chrono Boost)  
  137  11:39  Zealot x2, High Templar x2  
  147  11:42  Probe  
  147  11:43  Archon  
  148  11:53  High Templar  
  150  11:54  High Templar  
  150  11:59  Photon Cannon  
  150  12:00  Archon  
  152  12:07  Disruptor (Chrono Boost)  
  152  12:08  High Templar, Pylon  
  152  12:09  Zealot x2, High Templar  
  152  12:11  Nexus  
  152  12:13  Archon  
  163  12:19  Probe x2  
  163  12:20  Probe  
  157  12:27  Probe  
  153  12:30  High Templar x2  
  153  12:31  Stalker x2  
  153  12:32  Stalker  
  153  12:34  Archon  
  155  12:37  Probe  
  155  12:42  Zealot x3  
  162  12:53  Zealot x2  
  162  12:57  Sentry  
  168  13:01  Zealot x2  
  168  13:02  Zealot x3  
  176  13:11  High Templar x2  
  180  13:15  Archon  
  180  13:16  Probe  
  167  13:21  Probe  
  167  13:24  High Templar x4  
  167  13:25  Stalker x2  
  180  13:29  Archon x2  
  180  13:32  Nexus  
  180  13:34  Pylon  
  180  13:37  Pylon  
  178  13:50  Zealot x2  
  174  13:57  Zealot x6  
  174  14:02  Adept  
  166  14:03  Stalker  

Tags
 
Add a new tag
Caveats
  • Supply blocks, unpowered buildings, or Contaminate may cause inaccurate times.
  • Supply counts are checked every 10 seconds.